% Time on Ice - ANCHORAGE ACES
Lines # - Real PCT - Wanted PCT - Time Play
Normal Forward
1 - 36% - 36% - 13:38
2 - 29% - 31% - 10:56
3 - 19% - 23% - 7:05
4 - 15% - 10% - 5:44
Normal Defense
1 - 34% - 36% - 12:48
2 - 28% - 31% - 10:29
3 - 32% - 23% - 12:02
4 - 6% - 10% - 2:04
PP Forward
1 - 43% - 55% - 5:13
2 - 57% - 45% - 6:59
PP Defense
1 - 54% - 55% - 6:37
2 - 46% - 45% - 5:35
PK Forward
1 - 64% - 55% - 6:05
2 - 36% - 45% - 3:21
PK Defense
1 - 47% - 55% - 4:27
2 - 53% - 45% - 4:59
PK3 Forward
1 - 0% - 55%
2 - 0% - 45%
PK3 Defense
1 - 0% - 55%
2 - 0% - 45%
44 Forward
1 - 0% - 50%
2 - 0% - 50%
44 Defense
1 - 0% - 55%
2 - 0% - 45%
Last Minute Offensive  - 0:00
Last Minute Defensive  - 0:59
Total
Forward - 60:00
Defense - 60:00
% Time on Ice - SAN DIEGO THUNDER
Lines # - Real PCT - Wanted PCT - Time Play
Normal Forward
1 - 33% - 35% - 12:22
2 - 28% - 32% - 10:31
3 - 29% - 28% - 10:55
4 - 10% - 5% - 3:35
Normal Defense
1 - 37% - 38% - 13:40
2 - 36% - 36% - 13:20
3 - 27% - 26% - 10:14
4 - 0% - 0% - 0:09
PP Forward
1 - 58% - 55% - 5:26
2 - 42% - 45% - 4:00
PP Defense
1 - 44% - 55% - 4:10
2 - 56% - 45% - 5:16
PK Forward
1 - 60% - 55% - 6:17
2 - 40% - 45% - 4:14
PK Defense
1 - 48% - 55% - 5:04
2 - 52% - 45% - 5:27
PK3 Forward
1 - 50% - 55% - 0:51
2 - 50% - 45% - 0:50
PK3 Defense
1 - 16% - 55% - 0:16
2 - 84% - 45% - 1:25
44 Forward
1 - 0% - 55%
2 - 0% - 45%
44 Defense
1 - 0% - 55%
2 - 0% - 45%
Last Minute Offensive  - 0:59
Last Minute Defensive  - 0:00
Total
Forward - 60:00
Defense - 60:00
Play-by-Play 1st period 0:01 of 1st period - Mark Scheifele wins face-off versus Connor McDavid in neutral zone. 0:03 of 1st period - Off-side. 0:04 of 1st period - Joshua Norris wins face-off versus David Perron in neutral zone. 0:04 of 1st period - Jonathan Audy-Marchessault is hit by David Perron and loses puck. 0:57 of 1st period - Icing by Ryan Pulock. 0:58 of 1st period - Mark Scheifele wins face-off versus Joshua Norris in ANCHORAGE ACES zone. 1:27 of 1st period - Shot by Drake Batherson. 1:27 of 1st period - Stopped by Darcy Kuemper without a rebound. 1:28 of 1st period - Phillip Danault wins face-off versus Tyler Motte in ANCHORAGE ACES zone. 1:32 of 1st period - Icing by Conor Sheary. 1:33 of 1st period - Phillip Danault wins face-off versus Tyler Motte in ANCHORAGE ACES zone. 1:50 of 1st period - Nikolaj Ehlers is hit by Tyler Motte. 2:44 of 1st period - Brandon Saad is hit by Ben Chiarot and loses puck. 3:00 of 1st period - Off-side. 3:01 of 1st period - Mark Scheifele wins face-off versus Casey Cizikas in neutral zone. 3:31 of 1st period - Shot by Andrew Ladd. 3:31 of 1st period - Stopped by Connor Hellebuyck without a rebound. 3:32 of 1st period - Logan Couture wins face-off versus Connor McDavid in SAN DIEGO THUNDER zone. 3:43 of 1st period - Shot by Connor McDavid. 3:43 of 1st period - Shot Misses the Net. 3:45 of 1st period - Shot by Seth Jones. 3:45 of 1st period - Stopped by Connor Hellebuyck without a rebound. 3:46 of 1st period - Joshua Norris wins face-off versus Aliaksei Protas in SAN DIEGO THUNDER zone. 3:47 of 1st period - Shot by Chris Kreider. 3:47 of 1st period - Stopped by Connor Hellebuyck without a rebound. 3:48 of 1st period - Aliaksei Protas wins face-off versus Connor McDavid in SAN DIEGO THUNDER zone. 3:54 of 1st period - Off-side. 3:55 of 1st period - Mark Scheifele wins face-off versus Connor McDavid in neutral zone. 4:22 of 1st period - Drake Batherson is hit by Seth Jones and loses puck. 4:34 of 1st period - Shot by Evander Kane. 4:34 of 1st period - Shot Misses the Net. 4:38 of 1st period - Shot by Evander Kane. 4:38 of 1st period - Shot Misses the Net. 4:40 of 1st period - Shot by Radko Gudas. 4:40 of 1st period - Stopped by Darcy Kuemper without a rebound. 4:41 of 1st period - Logan Couture wins face-off versus Joshua Norris in ANCHORAGE ACES zone. 4:52 of 1st period - Shot by Jonathan Audy-Marchessault. 4:52 of 1st period - Shot Misses the Net. 5:28 of 1st period - Shot by Logan Couture. 5:28 of 1st period - Stopped by Darcy Kuemper without a rebound. 5:29 of 1st period - Aliaksei Protas wins face-off versus Phillip Danault in ANCHORAGE ACES zone. 5:58 of 1st period - Shot by Phillip Danault. 5:58 of 1st period - Stopped by Connor Hellebuyck with a rebound. 6:22 of 1st period - Shot by Blake Coleman. 6:22 of 1st period - Shot Misses the Net. 7:03 of 1st period - Icing by Ben Chiarot. 7:04 of 1st period - Phillip Danault wins face-off versus Mark Scheifele in ANCHORAGE ACES zone. 7:28 of 1st period - Drake Batherson is hit by Ben Chiarot and loses puck. 7:35 of 1st period - Shot by Mark Scheifele. 7:35 of 1st period - Stopped by Darcy Kuemper without a rebound. 7:36 of 1st period - Connor McDavid wins face-off versus Logan Couture in ANCHORAGE ACES zone. 8:07 of 1st period - Shot by Logan Couture. 8:07 of 1st period - Stopped by Darcy Kuemper without a rebound. 8:08 of 1st period - Mark Scheifele wins face-off versus Joshua Norris in ANCHORAGE ACES zone. 8:10 of 1st period - Evander Kane is hit by Jordie Benn. 8:12 of 1st period - Shot by Mark Scheifele. 8:12 of 1st period - Shot Misses the Net. 8:28 of 1st period - Shot by Jonathan Audy-Marchessault. 8:28 of 1st period - Shot Misses the Net. 8:45 of 1st period - Minor Penalty to Connor Murphy for Hooking. 8:46 of 1st period - Connor McDavid wins face-off versus Blake Coleman in SAN DIEGO THUNDER zone. 8:47 of 1st period - Shot by Nathan MacKinnon. 8:47 of 1st period - Shot Blocked by Charles McAvoy. 9:11 of 1st period - Shot by Nathan MacKinnon. 9:11 of 1st period - Stopped by Connor Hellebuyck without a rebound. 9:12 of 1st period - Joshua Norris wins face-off versus Blake Coleman in SAN DIEGO THUNDER zone. 9:39 of 1st period - Ryan Hartman is hit by Jonathan Audy-Marchessault and loses puck. 10:44 of 1st period - Icing by Ryan Pulock. 10:45 of 1st period - Logan Couture wins face-off versus Andrew Ladd in ANCHORAGE ACES zone. 11:43 of 1st period - Shot by Nathan MacKinnon. 11:43 of 1st period - Goal by Nathan MacKinnon - ANCHORAGE ACES : 1 - SAN DIEGO THUNDER : 0. 11:44 of 1st period - Joshua Norris wins face-off versus Mark Scheifele in neutral zone. 11:49 of 1st period - Shot by Chris Kreider. 11:49 of 1st period - Shot Misses the Net. 11:51 of 1st period - Shot by Chris Kreider. 11:51 of 1st period - Deflect By Joshua Norris. 11:51 of 1st period - Shot Misses the Net. 12:20 of 1st period - Chris Kreider is hit by Charles McAvoy and loses puck. 12:28 of 1st period - Chris Kreider is hit by Alexandre Carrier and loses puck. 12:41 of 1st period - Off-side. 12:42 of 1st period - Blake Coleman wins face-off versus Connor McDavid in neutral zone. 13:02 of 1st period - Icing by Radko Gudas. 13:03 of 1st period - Casey Cizikas wins face-off versus Blake Coleman in SAN DIEGO THUNDER zone. 13:52 of 1st period - Shot by Connor McDavid. 13:52 of 1st period - Stopped by Connor Hellebuyck without a rebound. 13:53 of 1st period - Logan Couture wins face-off versus Connor McDavid in SAN DIEGO THUNDER zone. 14:04 of 1st period - Shot by David Perron. 14:04 of 1st period - Stopped by Darcy Kuemper without a rebound. 14:05 of 1st period - Joshua Norris wins face-off versus Mark Scheifele in ANCHORAGE ACES zone. 14:10 of 1st period - Shot by Chris Kreider. 14:10 of 1st period - Stopped by Connor Hellebuyck without a rebound. 14:11 of 1st period - Logan Couture wins face-off versus Connor McDavid in SAN DIEGO THUNDER zone. 14:24 of 1st period - Shot by Nathan MacKinnon. 14:24 of 1st period - Stopped by Connor Hellebuyck without a rebound. 14:25 of 1st period - Joshua Norris wins face-off versus Mark Scheifele in SAN DIEGO THUNDER zone. 14:45 of 1st period - Icing by Evander Kane. 14:46 of 1st period - Mark Scheifele wins face-off versus Connor McDavid in SAN DIEGO THUNDER zone. 14:48 of 1st period - Icing by Drake Batherson. 14:49 of 1st period - Mark Scheifele wins face-off versus Connor McDavid in SAN DIEGO THUNDER zone. 15:13 of 1st period - Shot by Connor McDavid. 15:13 of 1st period - Shot Blocked by Connor Murphy. 15:15 of 1st period - Shot by Nathan MacKinnon. 15:15 of 1st period - Shot Misses the Net. 15:17 of 1st period - Shot by Ben Chiarot. 15:17 of 1st period - Stopped by Connor Hellebuyck without a rebound. 15:18 of 1st period - Logan Couture wins face-off versus Joshua Norris in SAN DIEGO THUNDER zone. 15:39 of 1st period - Shot by Joshua Norris. 15:39 of 1st period - Shot Blocked by Charles McAvoy. 15:41 of 1st period - Shot by Jonathan Audy-Marchessault. 15:41 of 1st period - Goal by Jonathan Audy-Marchessault - ANCHORAGE ACES : 2 - SAN DIEGO THUNDER : 0. 15:42 of 1st period - Blake Coleman wins face-off versus Connor McDavid in neutral zone. 15:53 of 1st period - Seth Jones is hit by Radko Gudas and loses puck. 17:05 of 1st period - Ryan Hartman is hit by Jakob Chychrun and loses puck. 17:56 of 1st period - Shot by Mark Scheifele. 17:56 of 1st period - Shot Blocked by Nikolaj Ehlers. 17:58 of 1st period - Shot by Evander Kane. 17:58 of 1st period - Stopped by Darcy Kuemper without a rebound. 17:59 of 1st period - Phillip Danault wins face-off versus Aliaksei Protas in ANCHORAGE ACES zone. 18:25 of 1st period - Shot by Nikolaj Ehlers. 18:25 of 1st period - Stopped by Connor Hellebuyck without a rebound. 18:26 of 1st period - Casey Cizikas wins face-off versus Blake Coleman in SAN DIEGO THUNDER zone. 19:06 of 1st period - Blake Coleman is hit by Seth Jones and loses puck. 19:52 of 1st period - Shot by Ryan Hartman. 19:52 of 1st period - Goal by Ryan Hartman - ANCHORAGE ACES : 2 - SAN DIEGO THUNDER : 1. 19:53 of 1st period - Mark Scheifele wins face-off versus Joshua Norris in neutral zone. 19:58 of 1st period - Shot by Jonathan Audy-Marchessault. 19:58 of 1st period - Stopped by Connor Hellebuyck with a rebound. Goals for this period are 2 for ANCHORAGE ACES vs 1 for SAN DIEGO THUNDER. Shots for this period are 13 for ANCHORAGE ACES vs 8 for SAN DIEGO THUNDER. 2nd period 0:01 of 2nd period - Connor McDavid wins face-off versus Mark Scheifele in neutral zone. 1:13 of 2nd period - Double Minor Penalty to Chris Kreider for High sticking. 1:14 of 2nd period - Aliaksei Protas wins face-off versus Phillip Danault in ANCHORAGE ACES zone. 1:36 of 2nd period - Icing by Connor Murphy. 1:37 of 2nd period - Aliaksei Protas wins face-off versus Phillip Danault in SAN DIEGO THUNDER zone. 1:56 of 2nd period - Shot by Ryan Hartman. 1:56 of 2nd period - Shot Misses the Net. 2:02 of 2nd period - Shot by David Perron. 2:02 of 2nd period - Defl